 Dungeon Crawl Stone Soup version 0.19-a0-1097-g38e3b35 (webtiles) character file.

2164 Ijustatesigmund the Cudgeler (level 9, -3/71 HPs)
             Began as a Demonspawn Fighter on Aug 8, 2016.
             Splashed by an orc wizard's acid (16 damage)
             ... on level 7 of the Dungeon.
             The game lasted 00:14:58 (5041 turns).

Ijustatesigmund the Cudgeler (Demonspawn Fighter)   Turns: 5041, Time: 00:14:58

Health: -3/71      AC: 18    Str: 17    XL:     9   Next: 10%
Magic:  9/9        EV:  6    Int:  9    God:
Gold:   276        SH: 10    Dex: 14    Spells: 0 memorised, 8 levels left

rFire  + . .     SeeInvis .     q - +5 flail (crush)
rCold  + . .     Gourm    .     s - +0 chain mail
rNeg   . . .     Faith    .     c - +1 shield
rPois  .         Spirit   .     (helmet restricted)
rElec  .         Dismiss  .     m - +1 cloak
rCorr  .         Reflect  .     e - +0 pair of gloves
SustAt .         Harm     .     (no boots)
MR     .....                    (no amulet)
Stlth  ..........               (no ring)
                                k - ring of protection from fire

@: drained
A: horns 2, rough black scales 2, cold resistance 1, demonic guardian 1
a: no special abilities


You were on level 7 of the Dungeon.
You were not hungry.

You visited 1 branch of the dungeon, and saw 7 of its levels.

You collected 276 gold pieces.

Inventory:

Hand Weapons
 q - a +5 flail of crushing (weapon)
 u - a +3 flail
Armour
 c - a +1 shield (worn)
 e - a +0 pair of gloves (worn)
 m - a +1 cloak (worn)
 s - a +0 chain mail (worn)
Jewellery
 k - a ring of protection from fire (left hand)
 w - an uncursed ring of magical power {unknown}
Wands
 d - a wand of slowing (19/48)
 g - a wand of teleportation (2/9)
 l - a wand of lightning (6/15)
 t - a wand of heal wounds (6/9)
 v - a wand of random effects (9/48)
Scrolls
 x - 2 scrolls of identify
Potions
 a - 2 potions of invisibility
 b - a potion of heal wounds
 h - 2 potions of lignification
 j - 5 potions of curing
 n - a potion of magic
 o - a potion of resistance
 p - a potion of agility {unknown}
 r - a potion of beneficial mutation {unknown}
Comestibles
 f - 3 bread rations
 i - 3 meat rations


   Skills:
 + Level 6.6(6.3) Fighting
 + Level 6.7(6.5) Maces & Flails
 + Level 4.8(4.6) Armour
 + Level 3.9(3.7) Dodging
 + Level 4.7(4.5) Shields


You had 8 spell levels left.
You didn't know any spells.

Dungeon Overview and Level Annotations

Branches:
Dungeon (7/15)             Temple (0/1) D:6

Altars:
Vehumet
Zin


Innate Abilities, Weirdness & Mutations

You have a pair of horns on your head.
You are mostly covered in rough black scales. (AC +5, Dex -2)
Your flesh is cold resistant. (rC+)
A weak demonic guardian rushes to your aid.


Message History

Your iron imp disappears in a puff of smoke!
The orc wizard zaps a wand.
The bolt of acid hits you!
The acid burns!
* * * LOW HITPOINT WARNING * * *
The orc wizard casts a spell.
The orc wizard blinks!
You feel much better.
A magic dart appears from out of thin air!
The magic dart hits you!
Things that are here:
a scimitar; a robe Something hits you but does no damage.
You miss something.
You are no longer corroded.
Something hits you but does no damage.
You miss something. Something hits you but does no damage.
The orc wizard zaps a wand.
The bolt of acid hits something.
The acid corrodes something!
The bolt of acid hits you!
* * * LOW HITPOINT WARNING * * *
The acid burns!
You die...

.. .# #[
###.#
#.###.o$#
#?...)#.#
####.##.# #)#
.# ### ##)#
.# #..
######..# .#
#.# #..)@.o##
.# #.#
###.###### .#
#.# #...#
##.# ##.###
#.<# ###.^#
##†#####..[##
...#.....###
)#...#####
...###


You could see an orc wizard.

Vanquished Creatures
  The ghost of Duffy the Conjurer, a novice DEAE of Vehumet (D:6)
  Sigmund (D:2)
  Eustachio (D:4)
  Menkaure (D:4)
  Edmund (D:4)
  An ice beast (D:5)
  3 ogres
  The ghost of FrancescoMac the Bolt Thrower, an amateur HuHu (D:3)
  A scorpion (D:6)
  8 wights
  2 howler monkeys
  A crimson imp (D:5)
  A jelly (D:6)
  3 orc priests
  Crazy Yiuf (D:3)
  4 orc wizards
  4 worker ants
  A worker ant zombie (D:6)
  3 gnolls (D:4)
  7 adders
  A shadow imp (D:5)
  2 worms
  A dart slug (D:4)
  3 giant geckos (D:1)
  16 orcs
  5 giant cockroaches
  11 goblins
  4 hobgoblins
  10 jackals
  3 quokkas
  3 bats
  6 giant newts
  6 kobolds
  6 rats
  2 fungi (D:3)
125 creatures vanquished.

Vanquished Creatures (collateral kills)
  An iguana (D:4)
  An orc (D:7)
2 creatures vanquished.

Grand Total: 127 creatures vanquished

Notes
Turn   | Place    | Note
-------+----------+-------------------------------------------
     0 | D:1      | Ijustatesigmund the Demonspawn Fighter began the quest for the Orb.
     0 | D:1      | Reached XP level 1. HP: 18/18 MP: 1/1
   267 | D:1      | Gained mutation: You are partially covered in rough black scales. (AC +2, Dex -1) [demonic ancestry]
   267 | D:1      | Reached XP level 2. HP: 18/24 MP: 2/2
   826 | D:2      | Gained mutation: Your flesh is cold resistant. (rC+) [demonic ancestry]
   826 | D:2      | Reached XP level 3. HP: 29/29 MP: 3/3
   981 | D:2      | Found a faded altar of an unknown god.
  1295 | D:2      | Noticed Sigmund
  1300 | D:2      | Killed Sigmund
  1300 | D:2      | Gained mutation: You have a pair of small horns on your head. [demonic ancestry]
  1300 | D:2      | Reached XP level 4. HP: 36/38 MP: 4/4
  1300 | D:2      | Reached XP level 5. HP: 40/43 MP: 5/5
  1403 | D:2      | Found a radiant altar of Vehumet.
  1403 | D:2      | Found a glowing silver altar of Zin.
  1955 | D:3      | Noticed FrancescoMac's ghost (amateur HuHu)
  1974 | D:3      | Killed FrancescoMac's ghost
  1974 | D:3      | Reached skill level 5 in Maces & Flails
  1974 | D:3      | Gained mutation: You are mostly covered in rough black scales. (AC +5, Dex -2) [demonic ancestry]
  1974 | D:3      | Reached XP level 6. HP: 35/50 MP: 6/6
  2315 | D:3      | Found a runed door.
  2322 | D:3      | Noticed Crazy Yiuf
  2332 | D:3      | Killed Crazy Yiuf
  2711 | D:4      | Noticed Edmund
  2732 | D:4      | Noticed Menkaure
  2736 | D:4      | Killed Edmund
  2736 | D:4      | Reached skill level 5 in Fighting
  2736 | D:4      | Reached skill level 1 in Dodging
  2736 | D:4      | Gained mutation: A weak demonic guardian rushes to your aid. [demonic ancestry]
  2736 | D:4      | Reached XP level 7. HP: 25/56 MP: 7/7
  2861 | D:4      | Noticed Eustachio
  2906 | D:4      | Killed Eustachio
  2956 | D:4      | Killed Menkaure
  3138 | D:4      | Gained mutation: You have a pair of horns on your head. [demonic ancestry]
  3138 | D:4      | Reached XP level 8. HP: 44/64 MP: 8/8
  3523 | D:5      | Entered Level 5 of the Dungeon
  4373 | D:6      | Noticed Duffy's ghost (novice DEAE)
  4388 | D:6      | Killed Duffy's ghost
  4687 | D:6      | Found a staircase to the Ecumenical Temple.
  4973 | D:7      | Reached XP level 9. HP: 55/71 MP: 9/9
  5041 | D:7      | Splashed by an orc wizard's acid

Vault maps used:
D:1:      shiori_arrival_elements
D:2:      grunt_temple_overflow_open, ecumenical_altar_2,
          minmay_misc_feat_four_crosses, uniq_sigmund
D:3:      uniq_crazy_yiuf_cottage
D:4:      corexii_shack, minmay_misc_feat_roman, uniq_eustachio, uniq_edmund,
          uniq_menkaure
D:5:      wad_lake_hut, first_bread
D:7:      lemuel_ice_spiral_2

Skill      XL: |  1  2  3  4  5  6  7  8 |
---------------+-------------------------+-----
Maces & Flails | 2 4 5 6 |  6.7
Fighting       | 4 5 6 |  6.6
Armour         | 3 4 |  4.8
Dodging        | 1 2 3 |  3.9
Shields        | 3 4 |  4.7

Action                   |  1- 3 |  4- 6 |  7- 9 || total
-------------------------+-------+-------+-------++-------
Melee: Flail             |   186 |   102 |   212 ||   500
       Headbutt          |       |    23 |    31 ||    54
Evoke: Wand              |       |     2 |     1 ||     3
  Use: Scroll            |     7 |     7 |     7 ||    21
       Potion            |     1 |     2 |     2 ||     5
 Stab: Distracted        |       |       |     1 ||     1
  Eat: Chunk             |     2 |     2 |     2 ||     6
       Fruit             |       |     3 |       ||     3
       Bread ration      |       |       |     1 ||     1
       Pizza             |       |       |     1 ||     1
Armor: Scale mail        |   104 |    25 |    22 ||   151
       Chain mail        |       |       |    70 ||    70
Dodge: Dodged            |    64 |    24 |    38 ||   126
Block: Shield            |    96 |    40 |    84 ||   220
